 Dungeon Crawl Stone Soup version 0.22-a0-284-g99d1f74 (webtiles) character file.

67 torrenera the Ogre Mage (level 4, 0/39 HPs)
             Began as an Ogre Fire Elementalist on Mar 22, 2018.
             Slain by a jackal (3 damage)
             ... on level 2 of the Dungeon.
             The game lasted 00:04:14 (2102 turns).

torrenera the Ogre Mage (Ogre Fire Elementalist)    Turns: 2102, Time: 00:04:15

Health: 0/39       AC:  3    Str: 12    XL:     4   Next: 18%
Magic:  0/9        EV: 10    Int: 17    God:
Gold:   78         SH:  0    Dex:  9    Spells: 4/10 levels left

rFire    . . .     SeeInvis .   h - +0 spear
rCold    . . .     Gourm    .   (no shield)
rNeg     . . .     Faith    .   a - +0 robe
rPois    .         Spirit   .   (helmet restricted)
rElec    .         Reflect  .   (no cloak)
rCorr    .         Harm     .   (gloves unavailable)
MR       .....                  (boots unavailable)
Stlth    +.........             (no amulet)
HPRegen  0.13/turn              (no ring)
MPRegen  0.11/turn              (no ring)

@: very slightly contaminated
A: large, unfitting armour, tough skin 1
a: no special abilities


You were on level 2 of the Dungeon.
You were hungry.

You visited 1 branch of the dungeon, and saw 3 of its levels.

You collected 78 gold pieces.

Inventory:

Hand Weapons
 b - a cursed -2 dagger
 h - a +0 spear (weapon)
Missiles
 d - 12 poisoned needles
Armour
 a - a +0 robe (worn)
Scrolls
 e - a scroll of magic mapping
 g - a scroll of enchant armour {unknown}
 i - a scroll of fear {unknown}
Comestibles
 c - 4 rations


   Skills:
 - Level 1.7 Dodging
 - Level 1.4 Stealth
 * Level 3.8 Spellcasting
 - Level 0.8 Conjurations
 + Level 3.7 Fire Magic


You had 4 spell levels left.
You knew the following spells:

 Your Spells              Type           Power        Failure   Level  Hunger
a - Flame Tongue          Conj/Fire      ##...        6%          1    None
b - Throw Flame           Conj/Fire      ##....       10%         2    ##.....
c - Conjure Flame         Conj/Fire      ##......     19%         3    ###....


Dungeon Overview and Level Annotations

Branches:
Dungeon (3/15)

Altars:
The Shining One


Innate Abilities, Weirdness & Mutations

You are too large for most types of armour.
You have tough skin. (AC +1)


Message History

The jackal is moderately wounded.
The jackal bites you.
* * * LOW HITPOINT WARNING * * *
You miss the jackal.
The jackal is moderately wounded.
The jackal closely misses you. The jackal misses you.
You hit the jackal but do no damage.
The jackal is moderately wounded.
The jackal bites you but does no damage.
Casting: Flame Tongue (safe; 6% risk of failure)
Confirm with . or Enter, or press ? or * to list all spells.
Aiming: Flame Tongue (safe; 6% risk of failure)
Press: ? - help, Shift-Dir - straight line, f/p - jackal
Aim: a jackal (moderately wounded)
The flame tongue misses the jackal.
The jackal bites you but does no damage. x2
The jackal bites you.
* * * LOW HITPOINT WARNING * * *
The jackal bites you.
You die...

.## ##.##.## #...## #.#
..###......####.#.########.#
#...#.###......###.........#
###...# #.#####.#.##########
#...### #.# ##.## ..### #.#
#.# .## #.# #.# .# #.# #.#
.# #.# #@#
.########.######h# ####
................># #...
......##########.#
##########.## ####### #.#
#...).)....#
#.####.##########
#............#
#......#####.##### ########
#......


You could see a jackal.

Vanquished Creatures
  An adder (D:2)
  2 oozes
  3 dart slugs (D:1)
  A leopard gecko (D:3)
  A giant cockroach (D:1)
  6 goblins
  4 hobgoblins
  4 jackals
  7 kobolds
  5 bats
  2 frilled lizards
  5 rats
41 creatures vanquished.

Notes
Turn   | Place    | Note
-------+----------+-------------------------------------------
     0 | D:1      | torrenera the Ogre Fire Elementalist began the quest for the Orb.
     0 | D:1      | Reached XP level 1. HP: 16/16 MP: 3/3
   202 | D:1      | Reached XP level 2. HP: 15/24 MP: 1/5
   316 | D:1      | Learned a level 2 spell: Throw Flame
   722 | D:1      | Reached XP level 3. HP: 29/31 MP: 0/7
  1459 | D:2      | Found a glowing golden altar of the Shining One.
  1614 | D:2      | Reached XP level 4. HP: 31/39 MP: 9/9
  1706 | D:2      | Learned a level 3 spell: Conjure Flame
  2102 | D:2      | Slain by a jackal

Vault maps used:
D:1:      roderic_chinese_lattice_arrival, minmay_misc_feat_iff
D:2:      tso_metal_star
D:3:      first_ration

Skill      XL: |  1  2 |
---------------+-------+-----
Fire Magic     | 3 |  3.7
Spellcasting   | 3 |  3.8
Dodging        | |  1.7
Stealth        | |  1.4
Conjurations   | |  0.8

Action                   |  1- 3 |  4- 6 || total
-------------------------+-------+-------++-------
Melee: Unarmed           |     1 |       ||     1
       Spear             |    34 |    34 ||    68
 Cast: Flame Tongue      |    50 |    10 ||    60
  Use: Scroll            |     3 |       ||     3
       Potion            |       |     1 ||     1
 Stab: Sleeping          |     2 |     4 ||     6
  Eat: Chunk             |     2 |     1 ||     3
Armor: Robe              |    20 |    24 ||    44
Dodge: Dodged            |    20 |    32 ||    52

Table legend:
 A = Spawn XP
 B = Non-spawn XP
 C = Spawn XP percentage of total XP
 D = Spawn monster count
 E = Non-spawn monster count
 F = Spawn count percentage of total count
 G = Total turns spent on level
                    A         B        C        D         E        F      G
               +---------+---------+-------+---------+---------+-------+---------
         Total |       0 |      97 |   0.0 |       0 |      41 |   0.0 |  2102
               +---------+---------+-------+---------+---------+-------+---------
           D:1 |       0 |      50 |   0.0 |       0 |      22 |   0.0 |  1306
           D:2 |       0 |      42 |   0.0 |       0 |      17 |   0.0 |   752
           D:3 |       0 |       5 |   0.0 |       0 |       2 |   0.0 |    44
               +---------+---------+-------+---------+---------+-------+---------
